Map: Void Training Stage 3

Players

Winthrowe - Winner!

  • Race: Terran Terran
  • Spawn Location: 12:00

Player 2

  • Race: Zerg Zerg
  • Spawn Location: 6:00

VOD

Have the link to the VOD?

Description

Time

  • Played on: Aug. 14, 2017, 9:09 p.m.
  • Length: 18:23
Show
View Real Time Build Order
Export as new Build Order

Winthrowe Terran - Winner!

Build Orders:  

Get SALT Encoding   

  12  0:04  SCV  
  13  0:16  SCV  
  14  0:28  SCV  
  15  0:36  Refinery  
  15  0:51  Supply Depot  
  15  1:13  SCV  
  16  1:18  Supply Depot  
  16  1:25  SCV  
  17  1:37  SCV  
  18  1:49  SCV  
  19  2:01  SCV  
  19  2:02  Refinery  
  20  2:12  Barracks  
  20  2:17  SCV  
  21  2:29  SCV  
  22  3:05  Barracks  
  22  3:13  Supply Depot  
  22  3:15  Barracks Reactor  
  22  3:40  Engineering Bay  
  22  3:53  Bunker  
  22  3:56  Marine x2  
  24  4:07  SCV  
  25  4:14  Marine x2  
  27  4:19  SCV  
  27  4:23  Sensor Tower  
  28  4:31  SCV  
  28  4:32  Marine x2  
  31  4:43  SCV  
  32  4:47  Command Center  
  32  4:50  Marine x2  
  32  4:51  Terran Infantry Weapons Level 1  
  34  4:55  SCV  
  35  5:04  Barracks Tech Lab  
  35  5:08  Marine x2  
  37  5:18  Factory  
  37  5:25  Marine  
  37  5:26  Marine  
  39  5:43  Supply Depot x2  
  39  5:44  Supply Depot  
  39  5:58  Marine x2  
  41  6:05  Missile Turret  
  41  6:06  Supply Depot  
  41  6:08  Supply Depot x2  
  41  6:10  Combat Shields  
  41  6:39  Refinery  
  41  6:42  SCV  
  41  6:45  Terran Infantry Armor Level 1  
  42  6:54  SCV  
  43  6:55  SCV  
  44  7:05  Marauder  
  44  7:06  SCV, Refinery  
  44  7:08  SCV  
  38  7:18  SCV  
  38  7:20  SCV  
  40  7:23  Marine x2  
  40  7:26  Marauder  
  40  7:29  Stimpack  
  44  7:30  SCV  
  44  7:32  SCV  
  46  7:41  Marine x2  
  49  7:44  SCV  
  49  7:47  Marauder  
  44  7:59  Marine x2  
  44  8:00  Unknown  
  46  8:09  Marauder  
  48  8:16  Marine  
  48  8:17  Marine  
  50  8:30  Marauder  
  50  8:31  Factory Tech Lab  
  52  8:34  Marine  
  52  8:35  Marine  
  54  8:52  Marine x2, Marauder  
  58  8:56  Missile Turret  
  58  8:59  Planetary Fortress  
  58  9:03  Orbital Command  
  58  9:10  Marine x2  
  58  9:13  Marauder  
  58  9:17  Siege Tank  
  65  9:34  Marauder  
  67  9:47  Marine  
  67  9:48  Marine  
  67  9:49  Siege Tank  
  72  9:56  Marauder  
  74  10:05  Marine  
  74  10:06  Marine  
  76  10:17  Marauder  
  76  10:21  Siege Tank  
  81  10:23  Marine  
  81  10:24  Marine  
  83  10:38  Marauder  
  83  10:40  Barracks  
  83  10:41  Marine x2  
  87  10:53  Siege Tank  
  87  10:54  SCV  
  91  11:00  Marauder  
  93  11:25  Siege Tank  
  96  11:29  Barracks  
  94  11:58  Unknown  
  78  12:46  Unknown  
  73  13:07  Unknown  
  63  13:48  Marine  
  63  13:52  Barracks Reactor  
  63  13:54  Marine  
  65  14:00  Marine  
  65  14:01  Marine  
  67  14:06  Marine  
  68  14:12  Marauder  
  70  14:18  Marine x2  
  72  14:24  Marine  
  73  14:33  Marauder  
  73  14:36  Marine x2  
  77  14:42  Marine  
  78  14:53  Unknown  
  78  14:54  Marine x2  
  78  14:55  Marauder  
  78  14:59  Marine  
  82  15:02  Command Center  
  83  15:11  Marine  
  83  15:12  Marine  
  85  15:16  Marauder  
  85  15:17  Marine  
  85  15:18  Unknown  
  85  15:20  Orbital Command  
  88  15:27  Marine  
  88  15:28  Marine  
  90  15:29  Marine, Unknown  
  90  15:30  Marine  
  90  15:32  Unknown  
  90  15:35  Marine  
  90  15:36  Unknown  
  90  15:37  Marine  
  91  15:45  Marine  
  91  15:46  Marine  
  91  15:47  Marine  
  91  15:48  Marine  
  92  15:53  Marine  
  92  15:54  Unknown  
  92  15:55  Marine  
  91  16:03  Marine x2  
  93  16:05  Marine x2  
  93  16:11  Marine  
  96  16:13  Marine  
  97  16:21  Marine x2  
  97  16:23  Marine x2  
  98  16:29  Marine, Unknown  
  98  16:30  Marine  
  100  16:38  Marine  
  100  16:39  Marine  
  102  16:41  Marine x2  
  102  16:46  Marine  
  104  16:49  Marauder  
  106  16:56  Marine  
  106  16:57  Marine  
  106  16:58  Marine  
  106  16:59  Marine  
  108  17:04  Marine  
  109  17:10  Marauder  
  109  17:14  Marine  
  109  17:15  Marine  
  113  17:16  Marine  
  113  17:17  Marine  
  113  17:22  Marine  
  116  17:32  Marine x2, Marauder  
  116  17:34  Marine x2  
  119  17:40  Marine  
  119  17:46  Unknown  
  119  17:53  Marauder  
  119  17:58  Marine  
Show
View Real Time Build Order
Export as new Build Order

Player 2 Zerg 

Build Orders: Pool First 

Get SALT Encoding   

  12  0:00  Drone  
  13  0:12  Overlord  
  13  0:18  Drone  
  14  0:31  Drone  
  14  0:33  Drone  
  16  0:42  Spawning Pool  
  15  0:45  Drone  
  15  0:49  Drone  
  17  0:52  Extractor  
  17  0:56  Drone  
  17  1:06  Overlord  
  17  1:31  Zergling x2, Queen  
  20  1:38  Drone  
  20  1:39  Roach Warren  
  20  1:40  Extractor  
  19  1:49  Zergling x2  
  19  1:50  Drone  
  21  2:00  Drone  
  22  2:10  Overlord  
  22  2:21  Lair  
  22  2:22  Roach  
  24  2:39  Roach  
  26  2:53  Overlord  
  26  2:57  Roach  
  28  3:15  Roach  
  30  3:23  Drone  
  31  3:27  Drone  
  31  3:33  Roach  
  34  3:35  Hydralisk Den  
  34  3:41  Drone  
  34  3:47  Overlord  
  34  3:53  Drone  
  35  3:58  Drone  
  35  4:02  Drone  
  37  4:05  Hydralisk  
  37  4:08  Drone  
  40  4:15  Baneling Nest  
  39  4:17  Drone  
  39  4:22  Hydralisk  
  42  4:24  Evolution Chamber  
  42  4:26  Drone  
  42  4:40  Hydralisk  
  44  6:55  Overseer  
  44  6:56  Overlord, Overseer, Roach, Queen  
  44  6:57  Spore Crawler, Overlord  
  44  6:58  Drone  
  44  6:59  Spore Crawler  
  44  7:00  Drone  
  47  7:01  Infestation Pit  
  47  7:02  Spire  
  47  7:03  Drone  
  47  7:05  Evolution Chamber  
  47  7:06  Hatchery, Drone  
  47  7:07  Hydralisk  
  46  7:09  Drone  
  46  7:12  Drone  
  48  7:19  Zergling x2  
  49  7:23  Spine Crawler  
  49  7:24  Drone  
  49  7:25  Spine Crawler  
  49  7:26  Drone  
  49  7:45  Roach  
  45  7:57  Roach  
  37  8:08  Roach  
  39  8:19  Roach  
  42  8:20  Queen, Drone  
  42  8:21  Spore Crawler  
  42  8:22  Drone  
  42  8:23  Spore Crawler  
  42  8:24  Spore Crawler  
  42  8:25  Drone  
  43  8:28  Drone  
  43  8:31  Roach, Drone  
  48  8:34  Drone  
  48  8:37  Drone  
  48  8:40  Drone  
  50  8:42  Hydralisk  
  50  8:43  Drone  
  50  8:45  Drone  
  50  8:47  Spine Crawler  
  53  8:48  Drone  
  53  8:49  Spine Crawler  
  53  8:52  Drone  
  53  8:53  Hydralisk  
  53  8:55  Drone  
  57  8:58  Drone  
  57  9:00  Drone  
  59  9:04  Drone  
  59  9:07  Drone  
  61  9:14  Drone  
  62  9:18  Drone  
  62  9:20  Hydralisk  
  62  9:21  Drone  
  62  9:23  Overlord, Overseer  
  66  9:25  Overlord  
  66  10:22  Extractor  
  66  10:23  Drone  
  66  10:27  Extractor  
  65  10:46  Drone  
  65  10:49  Drone  
  67  10:52  Drone  
  67  10:54  Drone  
  69  10:57  Drone  
  70  11:16  Infestor  
  70  11:17  Pneumatized Carapace  
  72  11:19  Overlord x2, Overseer  
  72  11:20  Zerg Melee Weapons Level 1, Zerg Ground Armor Level 1  
  72  11:21  Burrow  
  72  11:22  Overseer  
  72  11:24  Roach  
  74  11:26  Hatchery  
  74  11:31  Roach  
  75  11:38  Overlord  
  75  11:39  Roach  
  77  11:46  Roach  
  79  11:53  Hydralisk  
  80  12:00  Hydralisk  
  66  12:02  Hive  
  66  12:07  Infestor  
  66  12:08  Drone  
  60  12:11  Drone  
  60  12:14  Drone  
  60  12:15  Zergling x2  
  59  12:17  Drone  
  59  12:20  Drone  
  59  12:22  Roach  
  61  12:23  Drone  
  61  12:29  Roach  
  64  12:37  Roach  
  66  12:39  Queen, Drone  
  66  12:42  Drone  
  66  12:44  Roach  
  72  12:45  Drone  
  72  12:48  Drone  
  72  12:49  Extractor  
  72  12:50  Hydralisk, Drone  
  59  12:56  Spore Crawler, Overseer  
  59  12:57  Hydralisk  
  59  12:58  Spore Crawler, Overlord  
  53  13:03  Drone  
  45  13:05  Roach  
  45  13:06  Drone  
  45  13:12  Hydralisk, Drone  
  45  13:14  Zerg Missile Weapons Level 1  
  45  13:15  Drone  
  45  13:18  Drone  
  45  13:19  Ultralisk Cavern, Greater Spire  
  39  13:20  Roach  
  39  13:21  Drone  
  39  13:26  Overlord  
  39  13:27  Hydralisk  
  37  13:29  Drone  
  37  13:32  Drone  
  35  13:34  Roach  
  35  13:36  Drone  
  35  13:41  Infestor  
  31  13:49  Roach  
  30  13:56  Roach  
  30  14:03  Zergling x2  
  31  14:10  Roach  
  31  14:14  Overlord  
  31  14:16  Drone  
  32  14:17  Roach  
  32  14:20  Drone  
  33  14:24  Hydralisk  
  33  14:25  Drone  
  33  14:29  Drone  
  34  14:32  Overseer  
  34  14:36  Zergling x2  
  33  14:43  Roach  
  33  14:50  Roach  
  35  14:57  Roach  
  37  15:03  Overseer  
  37  15:04  Roach  
  36  15:08  Overlord  
  36  15:11  Roach  
  36  15:18  Hydralisk  
  36  15:26  Zergling x2  
  33  15:29  Overseer  
  33  15:33  Roach  
  33  15:40  Roach  
  33  15:42  Overlord  
  31  15:48  Queen  
  31  15:49  Roach  
  32  15:59  Roach  
  32  16:01  Evolution Chamber  
  28  16:05  Overseer  
  28  16:08  Corruptor  
  24  16:29  Overlord  
  24  16:32  Overseer  
  20  16:55  Overlord  
  19  17:02  Spawning Pool  
  14  17:44  Overlord  
  14  17:45  Extractor  
  12  17:53  Drone  
  12  17:57  Drone  
Tags
 
Add a new tag
Caveats
  • Supply blocks, unpowered buildings, or Contaminate may cause inaccurate times.
  • Supply counts are checked every 10 seconds.